 Dungeon Sprint DCSS version 0.28.0-43-g3370ac3207 (webtiles) character file.

Game seed: 3753677452467805610

19707 boopmooplesden the Minotaur Blade (level 12, -3/125 HPs)
             Began as a Minotaur Berserker on Mar 16, 2022.
             Was the Champion of Trog.
             Slain by a gargoyle
             ... wielding a +0 mace
              (14 damage)
             ... in the Dungeon (Sprint I: "Red Sonja").
             The game lasted 00:13:07 (3415 turns).

boopmooplesden the Minotaur Blade (MiBe)            Turns: 3415, Time: 00:13:08

Health: -3/125     AC: 25    Str: 25    XL:     12   Next: 38%
Magic:  2/2        EV:  9    Int:  4    God:    Trog [******]
Gold:   63         SH:  5    Dex: 13    Spells: 11/11 levels left

rFire   . . .      SeeInvis .   m - +3 great sword (antimagic)
rCold   . . .      Faith    .   (shield currently unavailable)
rNeg    . . .      Spirit   .   p - +3 crystal plate armour
rPois   .          Reflect  +   (helmet restricted)
rElec   .          Harm     .   s - +1 cloak
rCorr   .          Rampage  .   q - +2 pair of gloves {Dex+3}
Will    .....      Rage     9%  (no boots)
Stlth   .......... NoTele   +   r - amulet "Zuvygig" {Reflect Dex+2 Slay+5 SH+5}
HPRegen 0.30/turn               k - ring of flight
MPRegen 0.08/turn               (no ring)

@: on berserk cooldown, flying, slowed, unable to read, very slow
A: horns 2, retaliatory headbutt, berserk 3, clumsy 2, deformed body,
deterioration 2, frail 1, low MP 2, screaming 2, subdued magic 1, inability to
read while threatened, MP-powered wands
a: Renounce Religion, Berserk, Trog's Hand, Brothers in Arms


You were in the Dungeon.
You worshipped Trog.
Trog was exalted by your worship.
You visited 1 branch You collected 1456 gold pieces.
You spent 1393 gold pieces at shops.

Inventory:

Hand Weapons
 a - a +1 falchion
 d - a +5 antimagic scimitar
 e - a +4 great sword
 m - a +3 antimagic great sword (weapon)
 t - a +2 vorpal great sword
 u - a +6 great sword
 v - the +3 rapier of Bion {vorpal, Dex+3}
   (Trog gifted it to you in the Dungeon)

   It inflicts extra damage upon your enemies.
   Dex:       It affects your dexterity (+3).
 w - a +3 triple sword
Armour
 b - a +0 animal skin
 j - a +0 leather armour
 p - a +3 crystal plate armour (worn)
 q - a +2 pair of gloves of dexterity (worn)
 s - a +1 cloak (worn)
Jewellery
 k - a ring of flight (left hand)
 r - the amulet "Zuvygig" (around neck) {Reflect Dex+2 Slay+5 SH+5}
   (You bought it in a shop in the Dungeon)

   [amulet of reflection]

   It reflects blocked missile attacks.
   Dex:       It affects your dexterity (+2).
   Slay:      It affects your accuracy & damage with ranged weapons and melee
   (+5).
   SH:        It affects your SH (+5).
 y - a ring of willpower
Wands
 i - a wand of flame (9)
 o - a wand of iceblast (7)
Scrolls
 l - 3 scrolls of identify
 x - 2 scrolls of magic mapping
Potions
 c - 3 potions of curing
 f - 2 potions of magic
 g - a potion of berserk rage
 n - 4 potions of heal wounds


   Skills:
 + Level 22.6 Fighting
 + Level 5.1(15.0) Short Blades
 + Level 23.1(23.3) Long Blades
 + Level 14.4 Armour
 + Level 11.3 Dodging
 + Level 2.6 Stealth
 + Level 4.3 Shields
 + Level 1.6 Evocations


You had 11 spell levels left.
You didn't know any spells.
Your spell library was empty.

Dungeon Overview and Level Annotations

Branches:
Dungeon (1/1)

Altars:
Cheibriados
Dithmenos
Elyvilon
Fedhas
Gozag
Hepliaklqana
Kikubaaqudgha
Makhleb
Nemelex Xobeh
Okawaru
Qazlal
Ru
Sif Muna
Trog
Uskayaw
Vehumet
Wu Jian
Xom
Yredelemnul
Zin
The Shining One
Jiyva
Lugonu

Shops:
D (!??!*([(((?[([(([*[:


Innate Abilities, Weirdness & Mutations

You have a pair of horns on your head.
You reflexively headbutt those who attack you in melee.
You have an uncontrollable temper.
You are very clumsy. (Dex -4)
Armour fits poorly on your strangely shaped body.
Your body often deteriorates upon taking damage.
You are frail. (-10% HP)
Your magical capacity is very low. (-20% MP)
You frequently scream uncontrollably at your foes.
Your spells are a little easier to cast, but a little less powerful.
You sometimes lose the ability to read scrolls when taking damage.
You expend magic power (3 MP) to strengthen your wands.


Message History

You are engulfed in a cloud of scalding steam.
You are engulfed in a cloud of scalding steam.
You are no longer berserk.
You are exhausted.
You feel yourself slow down.
You are engulfed in a cloud of scalding steam.
There is an open door here.
You are engulfed in a cloud of scalding steam.
You see here 27 gold pieces.
You are engulfed in a cloud of scalding steam.
You are engulfed in a cloud of scalding steam.
You now have 36 gold pieces (gained 27).
You are engulfed in a cloud of scalding steam.
* * * LOW HITPOINT WARNING * * *
You now have 63 gold pieces (gained 27).
You are engulfed in a cloud of scalding steam.
You are engulfed in a cloud of scalding steam.
* * * LOW HITPOINT WARNING * * *
The gargoyle hurls a stone arrow at you.
The stone arrow reflects off an invisible shield around you!
The stone arrow hits the gargoyle!
Really fly into that cloud of steam? [Y]es or [N]o only, please.
Really fly into that cloud of steam? [Y]es or [N]o only, please.
Really fly into that cloud of steam? [Y]es or [N]o only, please.
Really fly into that cloud of steam? [Y]es or [N]o only, please.
Really fly into that cloud of steam?
Okay, then.
Really fly into that cloud of steam? [Y]es or [N]o only, please.
Really fly into that cloud of steam? [Y]es or [N]o only, please.
Really fly into that cloud of steam?
Okay, then.
You are engulfed in a cloud of scalding steam.
The gargoyle hits you with a +0 mace!
You die...

####################
.§§.§§..§§.#..§9§§§#
##.§§§§##..'.)#§@§§##
##.§§#######'#§§§§$#
###§# )$##9§#§§§§.#
#.##$$$#..##§$$$#
#..###$#..≈###+##
##.#A#$#..≈).#
#..###$#..≈.##
#.##..$#..≈##
#..#+###..≈#


You could see a gargoyle.

Vanquished Creatures
  A deep elf annihilator (D)
  A mummy priest (D)
  A hydra (D)
  2 centaur warriors (D)
  Sonja (D)
  A deep troll (D)
  A lindwurm (D)
  2 oklob plants (D)
  8 shining eyes (D)
  2 merfolk sirens (D)
  7 unseen horrors (D)
  A gargoyle (D)
  4 demonic crawlers (D)
  2 kobold demonologists (D)
  A hellwing (D)
  5 hornets (D)
  A slime creature (D)
  Sigmund (D)
  A yak (D)
  13 hogs (D)
  2 redbacks (D)
  7 floating eyes (D)
  An ogre (D)
  7 necrophages (D)
  8 jellies (D)
  Ijyb (D)
82 creatures vanquished.

Vanquished Creatures (others)
  the Lernaean hydra (D)
  2 ballistomycete spores (D)
3 creatures vanquished.

Grand Total: 85 creatures vanquished

Notes
Turn   | Place    | Note
-------+----------+-------------------------------------------
     0 | D        | boopmooplesden the Minotaur Berserker began the quest for
                  | the Orb.
     0 | D        | Reached XP level 1. HP: 19/19 MP: 0/0
     1 | D        | Noticed Ijyb
     4 | D        | Killed Ijyb
     5 | D        | Reached skill level 5 in Fighting
     5 | D        | Reached skill level 5 in Long Blades
     5 | D        | Reached XP level 2. HP: 29/29 MP: 1/1
    49 | D        | Noticed an ogre
    53 | D        | Killed an ogre
    54 | D        | Reached skill level 7 in Long Blades
    54 | D        | Reached XP level 3. HP: 40/40 MP: 2/2
    54 | D        | Reached XP level 4. HP: 48/48 MP: 3/3
   147 | D        | Noticed Sigmund
   150 | D        | Killed Sigmund
   150 | D        | Reached ** piety under Trog
   151 | D        | Reached skill level 10 in Long Blades
   151 | D        | Reached skill level 5 in Armour
   151 | D        | Reached XP level 5. HP: 58/58 MP: 4/4
   192 | D        | Found a burning altar of Makhleb.
   192 | D        | Found a shimmering altar of Xom.
   192 | D        | Noticed a slime creature
   198 | D        | Killed a slime creature
   199 | D        | Reached skill level 11 in Long Blades
   199 | D        | Reached skill level 5 in Dodging
   199 | D        | Reached XP level 6. HP: 68/68 MP: 5/5
   199 | D        | Found a viscous altar of Jiyva.
   199 | D        | Found a corrupted altar of Lugonu.
   350 | D        | Noticed a kobold demonologist
   352 | D        | Noticed a floating eye
   352 | D        | Noticed a kobold demonologist
   358 | D        | Killed a floating eye
   359 | D        | Reached skill level 12 in Long Blades
   359 | D        | Reached XP level 7. HP: 74/74 MP: 6/6
   361 | D        | Killed a kobold demonologist
   361 | D        | Reached *** piety under Trog
   362 | D        | Reached skill level 13 in Long Blades
   366 | D        | Killed a kobold demonologist
   367 | D        | Reached skill level 14 in Long Blades
   367 | D        | Reached XP level 8. HP: 77/86 MP: 7/7
   377 | D        | Found an ornate altar of the Wu Jian Council.
   377 | D        | Found a shimmering blue altar of Sif Muna.
   379 | D        | Found a radiant altar of Vehumet.
   412 | D        | Found Caikalec's Magic Scroll Emporium.
   412 | D        | Found an ancient bone altar of Kikubaaqudgha.
   412 | D        | Found a hazy altar of Hepliaklqana.
   412 | D        | Found a hide-covered altar of Uskayaw.
   412 | D        | Found a basalt altar of Yredelemnul.
   412 | D        | Found an opulent altar of Gozag.
   412 | D        | Found a snail-covered altar of Cheibriados.
   412 | D        | Found a sacrificial altar of Ru.
   412 | D        | Found a shadowy altar of Dithmenos.
   418 | D        | Found a stormy altar of Qazlal.
   418 | D        | Found a blossoming altar of Fedhas.
   418 | D        | Found a bloodstained altar of Trog.
   418 | D        | Found an iron altar of Okawaru.
   418 | D        | Found a glowing golden altar of the Shining One.
   418 | D        | Found a glowing silver altar of Zin.
   418 | D        | Found a white marble altar of Elyvilon.
   419 | D        | Found a sparkling altar of Nemelex Xobeh.
   423 | D        | Bought a scroll of enchant weapon for 90 gold pieces
   432 | D        | Noticed a centaur warrior
   436 | D        | Noticed a centaur warrior
   444 | D        | Killed a centaur warrior
   444 | D        | Reached **** piety under Trog
   445 | D        | Reached skill level 15 in Long Blades
   450 | D        | Killed a centaur warrior
   451 | D        | Reached skill level 15 in Fighting
   451 | D        | Reached skill level 16 in Long Blades
   451 | D        | Reached XP level 9. HP: 44/97 MP: 8/8
   713 | D        | Noticed a deep troll
   720 | D        | Killed a deep troll
   721 | D        | Reached skill level 17 in Long Blades
   732 | D        | Found Vuamauts's Armour Emporium.
   891 | D        | Noticed an oklob plant
   900 | D        | Killed an oklob plant
  1397 | D        | Killed an unseen horror
  1397 | D        | Reached ***** piety under Trog
  1398 | D        | Reached skill level 18 in Long Blades
  1398 | D        | Reached skill level 10 in Armour
  1398 | D        | Reached XP level 10. HP: 110/110 MP: 9/9
  1801 | D        | Received a gift from Trog
  1820 | D        | Reached skill level 1 in Stealth
  1829 | D        | Received a gift from Trog
  1836 | D        | Reached skill level 10 in Dodging
  1889 | D        | Found Vushuadi's Armour Boutique.
  1889 | D        | Found Jeucvat's Book Emporium.
  1889 | D        | Found Betrus's Assorted Antiques.
  1891 | D        | Found Recusk's Weapon Boutique.
  1891 | D        | Found Babbirgh's Weapon Shoppe.
  1891 | D        | Found Fezxecit's Armour Shop.
  1891 | D        | Found Vausmuzise's Weapon Emporium.
  1891 | D        | Found Qonilag's Antique Armour Boutique.
  1891 | D        | Found Unempeba's Magic Scroll Shoppe.
  1891 | D        | Found Rezusobu's Weapon Shop.
  1892 | D        | Bought a +2 pair of gloves of dexterity for 279 gold pieces
  1899 | D        | Bought a translucent ruby amulet for 150 gold pieces
  1899 | D        | Identified the amulet "Zuvygig" {Reflect Dex+2 Slay+5 SH+5}
                  | (You bought it in a shop in the Dungeon)
  1904 | D        | Found Siraukae's Antique Weapon Emporium.
  1905 | D        | Found Bijon's Antique Weapon Boutique.
  1905 | D        | Found Nocvawag's Armour Shoppe.
  1906 | D        | Found Kiseat's Weapon Shop.
  1970 | D        | Bought a +1 cloak for 149 gold pieces
  2023 | D        | Noticed a gargoyle
  2029 | D        | Reached skill level 19 in Long Blades
  2030 | D        | Received a gift from Trog
  2030 | D        | Reached ****** piety under Trog
  2032 | D        | Killed a gargoyle
  2047 | D        | Noticed a lindwurm
  2052 | D        | Killed a lindwurm
  2060 | D        | Reached skill level 1 in Evocations
  2065 | D        | Received a gift from Trog
  2066 | D        | Reached XP level 11. HP: 89/123 MP: 10/10
  2081 | D        | Reached skill level 20 in Long Blades
  2082 | D        | Received a gift from Trog
  2156 | D        | Noticed Sonja
  2158 | D        | Killed Sonja
  2206 | D        | Found Welitho's Weapon Boutique.
  2215 | D        | Noticed a shining eye
  2215 | D        | Noticed a shining eye
  2215 | D        | Noticed a shining eye
  2217 | D        | Gained mutation: Your body sometimes deteriorates upon
                  | taking damage. [a shining eye]
  2222 | D        | Noticed a shining eye
  2222 | D        | Noticed a shining eye
  2222 | D        | Noticed a shining eye
  2222 | D        | Gained mutation: Your magical capacity is low. (-10% MP) [a
                  | shining eye]
  2223 | D        | Paralysed by a floating eye for 3 turns
  2224 | D        | Gained mutation: You tend to lose your temper in combat. [a
                  | shining eye]
  2225 | D        | Gained mutation: You occasionally shout uncontrollably at
                  | your foes. [a shining eye]
  2226 | D        | Gained mutation: You often lose your temper in combat. [a
                  | shining eye]
  2228 | D        | Killed a shining eye
  2230 | D        | Noticed a shining eye
  2230 | D        | Noticed a shining eye
  2231 | D        | Gained mutation: You expend magic power (3 MP) to
                  | strengthen your wands. [a shining eye]
  2232 | D        | Killed a shining eye
  2232 | D        | Gained mutation: Your magical capacity is very low. (-20%
                  | MP) [a shining eye]
  2233 | D        | Reached skill level 1 in Shields
  2234 | D        | Received a gift from Trog
  2236 | D        | Gained mutation: You are frail. (-10% HP) [a shining eye]
  2236 | D        | Lost mutation: You occasionally shout uncontrollably at
                  | your foes. [a shining eye]
  2237 | D        | Gained mutation: Armour fits poorly on your strangely
                  | shaped body. [a shining eye]
  2237 | D        | Gained mutation: You occasionally shout uncontrollably at
                  | your foes. [a shining eye]
  2239 | D        | Killed a shining eye
  2240 | D        | Reached skill level 21 in Long Blades
  2242 | D        | Killed a shining eye
  2243 | D        | Killed a shining eye
  2245 | D        | Killed a shining eye
  2246 | D        | Gained mutation: Your body often deteriorates upon taking
                  | damage. [a shining eye]
  2248 | D        | Gained mutation: You are clumsy. (Dex -2) [a shining eye]
  2248 | D        | Gained mutation: You sometimes lose the ability to read
                  | scrolls when taking damage. [a shining eye]
  2249 | D        | Killed a shining eye
  2250 | D        | Gained mutation: You frequently scream uncontrollably at
                  | your foes. [a shining eye]
  2251 | D        | Gained mutation: You are very clumsy. (Dex -4) [a shining
                  | eye]
  2253 | D        | Gained mutation: Your spells are a little easier to cast,
                  | but a little less powerful. [a shining eye]
  2255 | D        | Gained mutation: You have an uncontrollable temper. [a
                  | shining eye]
  2256 | D        | Killed a shining eye
  2271 | D        | Found Jalizele's Distillery.
  2271 | D        | Found Copith's Distillery.
  2271 | D        | Found Osteda's Magic Scroll Emporium.
  2271 | D        | Found Suphi's General Store.
  2346 | D        | Noticed a daeva
  2355 | D        | Identified the +3 rapier of Bion {vorpal, Dex+3} (Trog
                  | gifted it to you in the Dungeon)
  2355 | D        | Received a gift from Trog
  2365 | D        | Reached skill level 22 in Long Blades
  2665 | D        | Noticed a 12-headed hydra
  2668 | D        | Killed a 12-headed hydra
  2668 | D        | Received a gift from Trog
  2941 | D        | Noticed a deep elf annihilator
  2974 | D        | Reached XP level 12. HP: 108/123 MP: 8/8
  3026 | D        | Noticed a mummy priest
  3030 | D        | Killed a deep elf annihilator
  3031 | D        | Reached skill level 1 in Short Blades
  3033 | D        | Received a gift from Trog
  3139 | D        | Bought a potion of heal wounds for 65 gold pieces
  3139 | D        | Bought a potion of heal wounds for 65 gold pieces
  3139 | D        | Bought 2 potions of heal wounds for 130 gold pieces
  3141 | D        | Bought a scroll of enchant armour for 97 gold pieces
  3141 | D        | Bought 2 scrolls of magic mapping for 91 gold pieces
  3141 | D        | Bought a scroll of enchant armour for 97 gold pieces
  3219 | D        | Bought a tubular moonstone ring for 150 gold pieces
  3219 | D        | Bought a scroll labelled NOGEUXESUX for 30 gold pieces
  3305 | D        | Killed a mummy priest
  3308 | D        | Reached skill level 23 in Long Blades
  3358 | D        | Noticed the 27-headed Lernaean hydra
  3403 | D        | Killed the 27-headed Lernaean hydra
  3404 | D        | Reached skill level 5 in Short Blades
  3415 | D        | Slain by a gargoyle

Illustrated notes

Levels and vault maps discovered:
D:        dungeon_sprint_1 [red_sonja_temple_1, red_sonja_temple_small_1]

Skill      XL: |  1  2  3  4  5  6  7  8  9 10 11 12 |
---------------+-------------------------------------+-----
Fighting       | 5 7 9 11 13 15 16 19 21 22 | 22.6
Long Blades    | 5 7 10 11 12 14 16 18 19 22 23 | 23.1
Armour         | 3 4 5 6 7 9 10 11 13 14 | 14.4
Dodging        | 3 4 5 6 8 9 10 11 | 11.3
Stealth        | 2 |  2.6
Evocations     | 1 |  1.6
Shields        | 2 4 |  4.3
Short Blades   | 5 |  5.1

Action                   |  1- 3 |  4- 6 |  7- 9 | 10-12 || total
-------------------------+-------+-------+-------+-------++-------
Melee: Falchion          |     5 |    13 |    55 |    44 ||   117
       Headbutt          |     1 |     2 |     8 |    43 ||    54
       Punch             |       |     1 |     1 |       ||     2
       Great sword       |       |       |       |    94 ||    94
       Rapier            |       |       |       |    29 ||    29
Invok: Berserk           |     2 |     3 |     6 |     9 ||    20
Evoke: Wand              |       |       |       |     2 ||     2
  Use: Scroll            |       |       |     1 |     7 ||     8
       Potion            |       |       |       |     3 ||     3
Armor: Leather armour    |       |       |     9 |     7 ||    16
       Crystal plate arm |       |       |       |   150 ||   150
Dodge: Dodged            |     1 |     4 |    26 |    64 ||    95
Block: Other             |       |       |       |    26 ||    26
       Reflection        |       |       |       |     1 ||     1
